General information
- name: BNet
- type: Ladder team game (AT/RT)
- host: Battle.net
- saver: TIMG4STRok
map: Goldshire
- players: 4
- length: 12:44
- speed: Fast
- version: 1.23 W3XP
- replay type:

» download(86 KB)
Players
team 1 (loser)

»
PeteyPab (
orange | 214 APM | 2628 actions | 12:15)
2 Blademaster
1 Wind Walk
1 Critical Strike
1 Shadow Hunter
1 Hex
» actions
| Assign group hotkey | 25 | |
| Basic commands | 53 | |
| Build / train | 43 | |
| Enter build submenu | 12 | |
| Enter hero's abilities submenu | 3 | |
| Give item / drop item | 1 | |
| Remove unit from queue | 1 | |
| Right click | 1166 | |
| Select / deselect | 225 | |
| Select group hotkey | 1034 | |
| Use ability | 65 | |
2628 total
» units
| Peon | 7 | |
| Grunt | 6 | |
| Raider | 5 | |
| Spirit Walker | 2 | |
| Kodo Beast | 1 | |
21 total
» upgrades
| Berserker Strength | 1 | |
| Ensnare | 1 | |
| Armor | 1 | |
3 total
» buildings
| Altar of Storms | 1 | |
| Orc Burrow | 5 | |
| Barracks | 1 | |
| Voodoo Lounge | 1 | |
| Stronghold | 2 | |
| Beastiary | 1 | |
| Spirit Lodge | 1 | |
| War Mill | 1 | |
13 total
» build order
00:07 Altar of Storms
00:19 Orc Burrow
00:35 Barracks
01:28 Orc Burrow
01:53 Voodoo Lounge
03:08 Stronghold
03:08 Stronghold
03:57 Orc Burrow
05:41 Beastiary
05:44 Spirit Lodge
05:57 Orc Burrow
09:36 War Mill
10:32 Orc Burrow
» items
| Healing Salve | 5 | |
| Lesser Clarity Potion | 3 | |
| Scroll of Town Portal | 1 | |
| Potion of Healing | 1 | |
| Scroll of Speed | 1 | |
11 total
TeK-9.Ice (
green | 96 APM | 1215 actions | 12:42)
2 Keeper of the Grove
1 Entangling Roots
1 Thorns Aura
1 Naga Sea Witch
1 Frost Arrows
» actions
| Assign group hotkey | 30 | |
| Basic commands | 17 | |
| Build / train | 37 | |
| Enter build submenu | 12 | |
| Enter hero's abilities submenu | 3 | |
| Right click | 554 | |
| Select / deselect | 229 | |
| Select group hotkey | 297 | |
| Use ability | 36 | |
1215 total
» units
» upgrades
| Moon Armor | 1 | |
| Sentinel | 1 | |
| Strength of the Wild | 2 | |
| Abolish Magic | 1 | |
5 total
» buildings
| Altar of Elders | 1 | |
| Moon Well | 5 | |
| Hunter's Hall | 1 | |
| Ancient of War | 2 | |
| Tree of Ages | 1 | |
| Ancient of Lore | 2 | |
12 total
» build order
00:12 Altar of Elders
00:21 Moon Well
01:46 Hunter's Hall
01:57 Ancient of War
02:10 Moon Well
02:29 Ancient of War
03:26 Moon Well
05:48 Tree of Ages
05:57 Moon Well
08:40 Ancient of Lore
08:42 Ancient of Lore
10:07 Moon Well
team 2 (winner)

»
Rush[yyz] (
red | 90 APM | 1149 actions | 12:43)
3 Priestess of the Moon
1 Searing Arrows
2 Trueshot Aura
» actions
| Assign group hotkey | 38 | |
| Basic commands | 57 | |
| Build / train | 44 | |
| Enter build submenu | 13 | |
| Enter hero's abilities submenu | 3 | |
| Right click | 452 | |
| Select / deselect | 175 | |
| Select group hotkey | 317 | |
| Use ability | 50 | |
1149 total
» units
» upgrades
| Strength of the Moon | 1 | |
| Moon Armor | 1 | |
2 total
» buildings
| Altar of Elders | 1 | |
| Moon Well | 7 | |
| Hunter's Hall | 1 | |
| Ancient of War | 3 | |
| Tree of Ages | 1 | |
13 total
» build order
00:12 Altar of Elders
00:20 Moon Well
01:57 Hunter's Hall
01:59 Ancient of War
02:17 Ancient of War
02:33 Moon Well
03:10 Moon Well
03:34 Moon Well
03:54 Ancient of War
04:25 Moon Well
04:46 Moon Well
10:27 Tree of Ages
11:28 Moon Well
» items

»
TIMG4STRok (
yellow | 146 APM | 1864 actions | 12:44)
5 Death Knight
3 Death Coil
2 Unholy Aura
2 Lich
1 Frost Nova
1 Frost Armor
» actions
| Assign group hotkey | 19 | |
| Basic commands | 47 | |
| Build / train | 42 | |
| Enter build submenu | 15 | |
| Enter hero's abilities submenu | 7 | |
| Give item / drop item | 2 | |
| Right click | 844 | |
| Select / deselect | 128 | |
| Select group hotkey | 695 | |
| Use ability | 65 | |
1864 total
» units
| Acolyte | 2 | |
| Ghoul | 2 | |
| Crypt Fiend | 11 | |
| Obsidian Statue | 2 | |
17 total
» upgrades
| Creature Attack | 1 | |
| Burrow | 1 | |
| Creature Carapace | 1 | |
3 total
» buildings
| Graveyard | 1 | |
| Crypt | 1 | |
| Altar of Darkness | 1 | |
| Ziggurat | 7 | |
| Tomb of Relics | 1 | |
| Nerubian Tower | 2 | |
| Halls of the Dead | 1 | |
| Slaughterhouse | 1 | |
| Black Citadel | 1 | |
| Spirit Tower | 1 | |
| Sacrificial Pit | 1 | |
18 total
» build order
00:07 Graveyard
00:10 Crypt
00:40 Altar of Darkness
00:48 Ziggurat
01:42 Ziggurat
01:51 Tomb of Relics
02:22 Nerubian Tower
02:23 Nerubian Tower
03:48 Ziggurat
03:50 Ziggurat
04:51 Halls of the Dead
05:57 Ziggurat
07:35 Slaughterhouse
09:23 Black Citadel
09:26 Ziggurat
09:43 Spirit Tower
11:29 Ziggurat
11:34 Sacrificial Pit
» items
| Rod of Necromancy | 3 | |
| Dust of Appearance | 2 | |
| Scroll of Town Portal | 1 | |
| Scroll of Healing | 2 | |
8 total
Chat log
(00:02 / Allies) Rush[yyz]: im
(00:02 / Allies) Rush[yyz]: here
(00:13 / All) TIMG4STRok: gl hf
(00:17 / All) TeK-9.Ice: same
(00:19 / Allies) TIMG4STRok: these dudes
(00:20 / Allies) TIMG4STRok: are good
(00:23 / Allies) Rush[yyz]: k
(00:32 / Allies) TIMG4STRok: i mean if hes real tek-9
(00:33 / Allies) TIMG4STRok: that is
(01:13 / Allies) Rush[yyz]: ima send some wisp your way
(01:19 / Allies) Rush[yyz]: in case of kotg
(01:19 / Allies) TIMG4STRok: one time me and mata played a 2v2 vs mtw-pato
(01:22 / Allies) TIMG4STRok: he a pro gamer you know
(01:25 / Allies) Rush[yyz]: ya
(01:25 / Allies) TIMG4STRok: had 350 apm, we won somehow
(01:30 / Allies) Rush[yyz]: lol
(02:01 / Allies) TIMG4STRok: they elf/ran
(02:04 / Allies) Rush[yyz]: ys
(02:19 / Allies) TIMG4STRok: fuck
(02:28 / Allies) TIMG4STRok: this is bad for us
(09:31 / Allies) TIMG4STRok: gotta heal
(09:35 / Allies) Rush[yyz]: k
(10:14 / Allies) Rush[yyz]: sell
(10:16 / Allies) Rush[yyz]: true
(11:12 / Allies) TIMG4STRok: lets go
(11:17 / Allies) TIMG4STRok: buyiong dust
(11:20 / Allies) Rush[yyz]: k